 Dungeon Crawl Stone Soup version 0.25-a0-364-ge76b031baf (webtiles) character file.

Game seed: 16735954625388490451, levelgen mode: deterministic

23539 Borgoz the Basher (level 13, -4/84 HPs)
             Began as a Gargoyle Berserker on Jan 4, 2020.
             Was a High Priest of Trog.
             Killed from afar by a starcursed mass (10 damage)
             ... with an accursed screaming
             ... on level 1 of the Abyss.
             The game lasted 00:23:55 (12862 turns).

Borgoz the Basher (Gargoyle Berserker)             Turns: 12862, Time: 00:23:55

Health: -4/84      AC: 30    Str: 23      XL:     13   Next: 7%
Magic:  13/13      EV: 15    Int:  8 (9)  God:    Trog [*****.]
Gold:   817        SH:  0    Dex: 14      Spells: 12/12 levels left

rFire    + . .     SeeInvis .   G - +1 dire flail (protect)
rCold    . . .     Gourm    .   (shield currently unavailable)
rNeg     + . .     Faith    .   t - +1 scale mail
rPois    ∞         Spirit   .   (no helmet)
rElec    +         Reflect  .   v - scarf {cloud immunity}
rCorr    .         Harm     .   n - +2 pair of gloves {Dex+3}
MR       .....     Rnd*Rage +   (no boots)
Stlth    ..........             (no amulet)
HPRegen  0.24/turn              l - ring of protection from fire
MPRegen  0.13/turn              K - +3 ring of slaying

@: protection aura, berserk cooldown, slowed, very slow
A: berserk 1, [deterioration 2], negative energy resistance 1, electricity
resistance, unbreathing, petrification resistance, rot immunity, AC +9
a: Berserk, Trog's Hand, Brothers in Arms, Renounce Religion


You were on level 1 of the Abyss.
You worshipped Trog.
Trog was extremely pleased with you.
You were hungry.

You visited 2 branches of the dungeon, and saw 14 of its levels.
You visited the Abyss 1 time.

You collected 817 gold pieces.

Inventory:

Hand Weapons
 b - a +5 antimagic great mace
 G - a +1 dire flail of protection (weapon)
 M - the +1 demon trident "Utuex" {flame, *Slow rPois Str+2}
   (Trog gifted it to you on level 10 of the Dungeon)

   It has been specially enchanted to burn those struck by it, causing extra
   injury to most foes and up to half again as much damage against particularly
   susceptible opponents.
   It affects your strength (+2).
   It protects you from poison.
   It may slow you when you take damage.
Armour
 f - a scarf of repulsion
 j - the +1 robe "Qaev" {Regen+ Str+2, unknown}
   (You found it on level 7 of the Dungeon)

   It affects your strength (+2).
   It increases your rate of regeneration.
 n - a +2 pair of gloves of dexterity (worn)
 t - a +1 scale mail (worn)
 v - a scarf of cloud immunity (worn)
 I - a +0 troll leather armour
Jewellery
 l - a ring of protection from fire (left hand)
 r - an uncursed ring of protection from fire
 y - an uncursed ring of protection from cold
 H - an uncursed ring of positive energy
 K - a +3 ring of slaying (right hand)
Scrolls
 d - 4 scrolls of fear
 e - 2 scrolls of teleportation
 g - a scroll of immolation {unknown}
 h - a scroll of amnesia {unknown}
 i - 3 scrolls of remove curse
 k - 4 scrolls of magic mapping
 p - 6 scrolls of enchant armour
 q - a scroll of silence {unknown}
 s - a scroll of blinking {unknown}
 w - 3 scrolls of enchant weapon {unknown}
 B - 2 scrolls of fog
Potions
 a - 3 potions of heal wounds
 m - 3 potions of might
 o - a potion of mutation
 u - 2 potions of haste
 x - 2 potions of flight
 z - 2 potions of curing
 A - a potion of invisibility
 D - 2 potions of berserk rage
Comestibles
 c - 24 rations
 C - 4 chunks of flesh


   Skills:
 + Level 11.0 Fighting
 * Level 13.6 Maces & Flails
 + Level 10.8 Armour
 + Level 8.4 Dodging


You had 12 spell levels left.
You didn't know any spells.
Your spell library was empty.

Dungeon Overview and Level Annotations

Branches:
Dungeon (13/15)            Temple (1/1) D:4            Lair (0/6) D:10
    Orc (0/2) D:12
 Vaults: D:13-14

Altars:
Fedhas
Gozag
Hepliaklqana
Ru
Xom
Yredelemnul
The Shining One

Shops:
D:11 [

Annotations:
D:13 Sonja


Innate Abilities, Weirdness & Mutations

You are resistant to torment.
Your stone body is resilient. (AC +9)
You are immune to poison.
You resist negative energy. (rN+)
You are resistant to electric shocks. (rElec)
You can survive without breathing.
You are immune to petrification.
You are immune to rotting.
You tend to lose your temper in combat.
[Your body often deteriorates upon taking damage.]


Message History

A starcursed mass splits.
A chorus of shrieks assaults your mind.
* * * LOW HITPOINT WARNING * * *
The starcursed mass barely misses you.
Unknown command.
You puncture the starcursed mass!
The starcursed mass is heavily damaged.
A starcursed mass splits.
The starcursed mass engulfs you but does no damage.
You impale the starcursed mass!!
The starcursed mass is almost destroyed.
The starcursed mass shudders and is absorbed by its neighbour.
A chorus of shrieks assaults your mind.
* * * LOW HITPOINT WARNING * * *
Your body deteriorates!
You feel dopey.
You puncture the starcursed mass!
The starcursed mass is heavily damaged.
The starcursed mass shudders and is absorbed by its neighbour.
A chorus of shrieks assaults your mind.
You die...

# . #. .# ..# .#
..#.. # #.#. #
##....#####.##
##..#.#.#...#.# #...
.. ..##@# # #
#.......X.#..##
####...#..#..#X..##
# #
.....###..........#.
. ## ..÷.###.....#..
# . # . . ...
...#..#..#.#.. . .
.#### .##.##.. ##...
# . .## #..##.
...... ..## .# #.#
#. .. # #


You could see 2 starcursed masses.

Vanquished Creatures
  Josephine (D:13)
  A great orb of eyes (Abyss:1)
  Erolcha (D:13)
  Erica (D:11)
  Urug (D:10)
  4 two-headed ogres
  Nergalle (D:11)
  A wretched star (Abyss:1)
  A deep elf mage (D:13)
  A manticore (D:11)
  2 cyclopes (D:10)
  A gargoyle (D:13)
  2 komodo dragons
  A catoblepas skeleton (Abyss:1)
  5 trolls
  A raiju (Abyss:1)
  3 hippogriffs
  4 slime creatures (D:12)
  A large abomination (Abyss:1)
  Sigmund (D:4)
  2 fire bats (Abyss:1)
  8 yaks
  6 wraiths
  A neqoxec (Abyss:1)
  A hungry ghost (D:9)
  A chaos spawn (Abyss:1)
  7 vampire mosquitoes (D:13)
  Edmund (D:5)
  4 wargs
  2 soldier ants (D:13)
  A water moccasin (D:12)
  A small abomination (Abyss:1)
  3 ice beasts
  3 sky beasts
  10 orc warriors
  A phantom (D:9)
  An eye of draining (D:13)
  9 ogres
  A snapping turtle skeleton (Abyss:1)
  3 centaurs
  5 bullfrogs
  2 big kobolds
  2 wyvern zombies (D:11)
  4 wyvern skeletons
  5 scorpions
  4 killer bees (D:9)
  5 wights (D:8)
  2 howler monkeys
  8 crimson imps
  2 bullfrog zombies
  3 centaur zombies
  3 quasits
  A bullfrog skeleton (D:8)
  A gnoll shaman (D:4)
  5 hounds
  2 centaur skeletons
  9 orc priests
  A jelly (D:13)
  14 orc wizards
  Crazy Yiuf (D:5)
  An iron imp (Abyss:1)
  Terence (D:3)
  5 iguanas
  3 worker ants
  A killer bee zombie (D:8)
  A hound zombie (D:9)
  A howler monkey zombie (D:7)
  A worker ant zombie (D:3)
  3 gnolls (D:4)
  17 adders
  2 shadow imps
  An adder skeleton (D:8)
  A dart slug (D:1)
  6 leopard geckos
  34 orcs
  2 bats
  7 giant cockroaches
  7 goblins
  4 hobgoblins
  12 jackals
  2 quokkas
  2 ball pythons
  6 frilled lizards (D:1)
  15 kobolds
  A quokka skeleton (D:5)
  A quokka zombie (D:6)
  7 rats
323 creatures vanquished.

Notes
Turn   | Place    | Note
-------+----------+-------------------------------------------
     0 | D:1      | Borgoz the Gargoyle Berserker began the quest for the Orb.
     0 | D:1      | Reached XP level 1. HP: 14/14 MP: 1/1
    77 | D:1      | Reached XP level 2. HP: 19/19 MP: 2/2
   548 | D:1      | Reached XP level 3. HP: 12/23 MP: 3/3
   753 | D:1      | Reached ** piety under Trog
  1392 | D:2      | Reached skill level 4 in Maces & Flails
  1392 | D:2      | Reached XP level 4. HP: 11/29 MP: 4/4
  1685 | D:2      | Reached XP level 5. HP: 29/33 MP: 5/5
  1753 | D:2      | Found a faded altar of an unknown god.
  2059 | D:3      | Noticed Terence
  2351 | D:3      | Killed Terence
  2497 | D:3      | Found a shimmering altar of Xom.
  2499 | D:3      | Found a sacrificial altar of Ru.
  2961 | D:3      | Reached XP level 6. HP: 34/38 MP: 6/6
  3160 | D:4      | Noticed Sigmund
  3187 | D:4      | Killed Sigmund
  3187 | D:4      | Reached skill level 5 in Maces & Flails
  3383 | D:4      | Reached *** piety under Trog
  3407 | D:4      | Reached XP level 7. HP: 37/44 MP: 7/7
  3664 | D:4      | Found a staircase to the Ecumenical Temple.
  3669 | Temple   | Entered the Ecumenical Temple
  3808 | D:5      | Entered Level 5 of the Dungeon
  3925 | D:5      | Found a glowing golden altar of the Shining One.
  3925 | D:5      | Found a blossoming altar of Fedhas.
  3932 | D:5      | Found an opulent altar of Gozag.
  3932 | D:5      | Found a hazy altar of Hepliaklqana.
  4047 | D:5      | Noticed Edmund
  4070 | D:5      | Killed Edmund
  4070 | D:5      | Reached skill level 5 in Fighting
  4070 | D:5      | Reached skill level 6 in Maces & Flails
  4213 | D:5      | Found a runed translucent door.
  4214 | D:5      | Noticed Crazy Yiuf
  4271 | D:5      | Killed Crazy Yiuf
  4525 | D:7      | Reached XP level 8. HP: 49/49 MP: 8/8
  4899 | D:6      | Reached skill level 5 in Armour
  5223 | D:7      | Reached skill level 7 in Maces & Flails
  5601 | D:7      | Got an ominously black robe
  6087 | D:8      | Noticed a two-headed ogre
  6100 | D:8      | Killed a two-headed ogre
  6100 | D:8      | Reached skill level 8 in Maces & Flails
  6100 | D:8      | Reached XP level 9. HP: 15/56 MP: 9/9
  6342 | D:8      | Noticed a two-headed ogre
  6357 | D:8      | Killed a two-headed ogre
  6357 | D:8      | Reached skill level 5 in Dodging
  6491 | D:8      | Reached skill level 9 in Maces & Flails
  6754 | D:8      | Reached **** piety under Trog
  6762 | D:8      | Reached XP level 10. HP: 63/63 MP: 10/10
  7557 | D:9      | Reached skill level 10 in Maces & Flails
  8234 | D:10     | Entered Level 10 of the Dungeon
  8594 | D:10     | Reached ***** piety under Trog
  8594 | D:10     | Received a gift from Trog
  8595 | D:10     | Got a smoking demon trident {god gift}
  8722 | D:10     | Identified the +1 demon trident "Utuex" {flame, *Slow rPois
                  | Str+2} (Trog gifted it to you on level 10 of the Dungeon)
  8838 | D:10     | Noticed Urug
  8861 | D:10     | HP: 1/65 [Urug/+2 long sword (16)]
  8872 | D:10     | Killed Urug
  8872 | D:10     | Reached XP level 11. HP: 52/69 MP: 11/11
  9158 | D:10     | Found a staircase to the Lair.
  9175 | D:10     | Reached skill level 11 in Maces & Flails
  9657 | D:10     | Noticed a cyclops
  9657 | D:10     | Noticed a cyclops
  9669 | D:10     | Killed a cyclops
  9675 | D:10     | Killed a cyclops
  9839 | D:10     | Noticed a two-headed ogre
  9862 | D:10     | Killed a two-headed ogre
  9912 | D:10     | Identified the Volume of the Flying Snowflakes
 10000 | D:11     | Noticed Erica
 10017 | D:11     | Killed Erica
 10217 | D:11     | Reached skill level 12 in Maces & Flails
 10475 | D:11     | Noticed a manticore
 10500 | D:11     | Killed a manticore
 10691 | D:11     | Reached XP level 12. HP: 72/77 MP: 12/12
 10817 | D:11     | Noticed Nergalle
 10824 | D:11     | Killed Nergalle
 10824 | D:11     | Reached skill level 10 in Fighting
 10850 | D:11     | Found Lirph's Armour Emporium.
 10962 | D:12     | Found a staircase to the Orcish Mines.
 10979 | D:12     | Received a gift from Trog
 11798 | D:13     | Reached skill level 10 in Armour
 11852 | D:13     | Noticed Josephine
 11987 | D:13     | Killed Josephine
 12006 | D:13     | Reached skill level 13 in Maces & Flails
 12054 | D:13     | Noticed Erolcha
 12064 | D:13     | Paralysed by Erolcha for 4 turns
 12069 | D:13     | Killed Erolcha
 12194 | D:13     | Noticed a two-headed ogre
 12213 | D:13     | Killed a two-headed ogre
 12392 | D:13     | Noticed Sonja
 12478 | D:13     | Cast into level 1 of the Abyss (Sonja)
 12564 | Abyss:1  | Received a gift from Trog
 12595 | Abyss:1  | Gained mutation: You tend to lose your temper in combat. [a
                  | neqoxec]
 12679 | Abyss:1  | Noticed a great orb of eyes
 12692 | Abyss:1  | Killed a great orb of eyes
 12692 | Abyss:1  | Reached XP level 13. HP: 75/84 MP: 6/13
 12850 | Abyss:1  | Noticed a starcursed mass
 12862 | Abyss:1  | Killed from afar by a starcursed mass

Levels and vault maps discovered:
D:1:      lemuel_arrival_cross, layout_basic, minmay_lizard_king
D:2:      layout_rooms, chequers_ecumenical_altar_grove, minmay_crystal_room
D:3:      layout_rooms, chequers_temple_overflow_statue_of_worship,
          serial_co_window_serial, co_window_paths_b, co_window_corner_a,
          co_window_paths_b, co_window_corner_a, co_window_paths_b,
          co_window_paths_c, co_window_corner_cb, co_window_unsneaky_path_c,
          co_window_of_opportunity_b, co_window_corner_cb,
          co_window_of_opportunity_b, co_window_broadway_a, co_window_paths_e,
          glass_columns_c, glass_columns_b, glass_columns_b, glass_columns_b,
          glass_columns_a, uniq_terence
D:4:      layout_gridville, minmay_temple_entry_arrows, first_ration,
          uniq_sigmund
D:5:      layout_gridville, grunt_temple_overflow_open, uniq_crazy_yiuf_cottage,
          uniq_edmund
D:6:      layout_basic
D:7:      layout_gridville
D:8:      layout_basic
D:9:      layout_stronghold
D:10:     minmay_the_grid_triangle_9x9_rhombus_thin_mashed
          [minmay_the_grid_triangle_9x9_corruption,
          minmay_the_grid_triangle_9x9_prize_top_heavy,
          minmay_the_grid_triangle_9x9_impossible_snake,
          minmay_the_grid_triangle_9x9_intruding_spiral], layout_irregular_city,
          erik_lair_orcish_takeover, grunt_ogre_cave, minmay_misc_feat_encased,
          uniq_urug
D:11:     layout_rooms, serial_shops, kennysheep_mini_moat, uniq_nergalle,
          uniq_erica
D:12:     layout_basic, erik_orc_4
D:13:     layout_cave_pools, onia_ninara_cookie, uniq_erolcha, uniq_josephine,
          uniq_sonja
Temple:   nicolae_temple_elliptical
Abyss:1:  base: D:1, evilmike_abyss_exit_12

Skill      XL: |  1  2  3  4  5  6  7  8  9 10 11 12 13 |
---------------+----------------------------------------+-----
Dodging        | 2 3 4 5 6 7 8 |  8.4
Maces & Flails | 4 5 6 8 9 10 12 13 | 13.6
Armour         | 3 4 6 7 8 9 10 | 10.8
Fighting       | 4 5 6 7 8 9 10 11 | 11.0

Action                   |  1- 3 |  4- 6 |  7- 9 | 10-12 | 13-15 || total
-------------------------+-------+-------+-------+-------+-------++-------
Melee: Mace              |   119 |    59 |       |       |       ||   178
       Morningstar       |       |    60 |    55 |       |       ||   115
       Flail             |       |       |   247 |   285 |       ||   532
       Dire flail        |       |       |       |   571 |    48 ||   619
Throw: Throwing net      |       |       |       |     3 |       ||     3
Invok: Berserk           |     1 |     1 |     3 |    16 |       ||    21
       Trog's Hand       |       |       |       |     3 |       ||     3
Evoke: Wand              |       |       |       |     4 |       ||     4
  Use: Scroll            |       |       |    10 |    10 |       ||    20
       Potion            |       |       |       |     3 |       ||     3
  Eat: Chunk             |     2 |     8 |    13 |    31 |       ||    54
       Ration            |       |       |       |     2 |       ||     2
Armor: Animal skin       |    49 |    13 |       |       |       ||    62
       Scale mail        |       |    32 |   161 |   470 |    10 ||   673
Dodge: Dodged            |    74 |    65 |   200 |   616 |    18 ||   973

Table legend:
 A = Non-vault XP
 B = Vault XP
 C = Vault XP percentage of total XP
 D = Non-vault monster count
 E = Vault monster count
 F = Vault count percentage of total count
                 A         B        C        D         E       F
            +---------+---------+-------+---------+---------+-------
      Total |   23608 |   10020 |  29.8 |     265 |      58 |  18.0
            +---------+---------+-------+---------+---------+-------
        D:1 |      36 |       8 |  18.2 |      21 |       6 |  22.2
        D:2 |     130 |       0 |   0.0 |      14 |       0 |   0.0
        D:3 |     116 |      36 |  23.7 |      19 |       1 |   5.0
        D:4 |     171 |     227 |  57.0 |      10 |       1 |   9.1
        D:5 |     122 |     208 |  63.0 |       6 |       2 |  25.0
        D:6 |     219 |       0 |   0.0 |       6 |       0 |   0.0
        D:7 |    1068 |       0 |   0.0 |      28 |       0 |   0.0
        D:8 |    3401 |       0 |   0.0 |      25 |       0 |   0.0
        D:9 |    1550 |       0 |   0.0 |      28 |       0 |   0.0
       D:10 |    2746 |    4151 |  60.2 |      32 |      22 |  40.7
       D:11 |    3914 |    1781 |  31.3 |      29 |       2 |   6.5
       D:12 |    1893 |     741 |  28.1 |      12 |      18 |  60.0
       D:13 |    4464 |    2868 |  39.1 |      22 |       6 |  21.4
    Abyss:1 |    3778 |       0 |   0.0 |      13 |       0 |   0.0
            +---------+---------+-------+---------+---------+-------
